Map: Ley Lines

Players

Redwood

  • Race: Terran Terran
  • League: Gold
  • Spawn Location: 1:00

A.I. 1 (Very Easy)

  • Race: Terran Terran
  • Spawn Location: 7:00

VOD

Have the link to the VOD?

Description

Time

  • Played on: May 26, 2025, 5:31 a.m.
  • Length: 12:42
Show
View Real Time Build Order
Export as new Build Order

Redwood Terran 

Build Orders: Liberator Opening, Reaper Expand 

Get SALT Encoding   

  12  0:00  SCV  
  13  0:12  SCV  
  14  0:16  Supply Depot  
  14  0:24  SCV  
  15  0:38  SCV  
  15  0:39  Barracks  
  16  0:45  Refinery  
  16  0:50  SCV  
  17  1:02  SCV  
  18  1:14  SCV  
  19  1:26  Orbital Command  
  19  1:29  Reaper  
  20  1:43  Command Center  
  20  1:55  Supply Depot  
  20  1:58  SCV  
  20  2:01  Marine  
  22  2:08  Factory  
  22  2:14  SCV  
  23  2:20  Refinery  
  23  2:23  Barracks Reactor  
  23  2:27  Bunker  
  23  2:32  SCV  
  24  2:45  SCV  
  25  2:56  Orbital Command  
  25  2:59  Starport  
  25  3:01  Factory Tech Lab  
  25  3:04  SCV  
  26  3:09  Supply Depot  
  26  3:16  SCV  
  27  3:20  Marine  
  27  3:21  Marine  
  29  3:29  Siege Tank  
  29  3:33  Supply Depot  
  32  3:39  SCV x2  
  34  3:44  Marine  
  34  3:45  Marine  
  36  3:49  Liberator  
  36  3:51  SCV x2  
  41  3:58  Supply Depot  
  41  4:03  SCV x2  
  43  4:15  SCV  
  43  4:16  Factory Reactor  
  44  4:17  Barracks  
  44  4:19  Barracks  
  44  4:23  Barracks  
  44  4:27  SCV x2  
  44  4:29  Barracks  
  46  4:32  Refinery  
  46  4:36  Refinery  
  46  4:39  SCV  
  46  4:41  Engineering Bay, SCV  
  48  4:46  Supply Depot  
  48  4:51  SCV  
  49  4:52  Starport Reactor  
  49  4:55  Supply Depot  
  49  5:05  SCV x2  
  51  5:17  SCV x2  
  53  5:24  Barracks Tech Lab  
  53  5:25  Stimpack  
  53  5:29  SCV x2  
  53  5:34  Factory Tech Lab  
  55  5:36  Terran Infantry Weapons Level 1  
  55  5:41  Marine x4, SCV x2, Marauder  
  63  5:46  Starport Reactor  
  63  5:47  Combat Shield  
  63  5:52  Supply Depot  
  63  5:53  Supply Depot, SCV x2  
  65  6:00  Marauder  
  65  6:02  Siege Tank, Marauder  
  65  6:03  Marine  
  73  6:04  Marine  
  73  6:05  Marine, SCV x2  
  73  6:07  Marine  
  73  6:08  Marine  
  73  6:09  Marine  
  80  6:17  Supply Depot, SCV  
  81  6:19  Supply Depot  
  81  6:21  Marine  
  82  6:30  Medivac x2  
  82  6:32  Marine x5  
  87  6:33  Marine  
  92  6:50  Marine  
  92  6:51  Marine x7  
  97  6:55  Siege Tank  
  100  7:08  Marine  
  100  7:09  Marine x3  
  100  7:10  Concussive Shells  
  104  7:21  SCV  
  104  7:22  SCV  
  106  7:30  Terran Infantry Armor Level 1  
  106  7:33  SCV  
  106  7:34  SCV  
  106  7:36  Engineering Bay  
  108  7:37  Command Center  
  108  7:44  Armory  
  108  7:46  SCV x2  
  108  7:48  Marine x4, Marauder x2  
  118  8:11  Barracks  
  118  8:16  Starport, Barracks  
  118  8:19  Barracks  
  118  8:20  Factory  
  118  8:49  Marine x4, Siege Tank, Marauder x2, Medivac, SCV x2  
  133  9:18  Terran Vehicle Weapons Level 1  
  133  9:21  Barracks Tech Lab  
  133  9:22  Barracks Reactor x2  
  133  9:23  Factory Tech Lab  
  133  9:24  Starport Reactor  
  133  9:37  Terran Infantry Weapons Level 2  
  133  9:38  Supply Depot  
  133  9:39  Supply Depot  
  133  9:44  Supply Depot x2  
  133  9:46  Supply Depot  
  133  9:48  Supply Depot  
  133  9:59  Siege Tank, Medivac, SCV x3  
  141  10:00  Marine x8  
  141  10:01  Supply Depot  
  141  10:02  Supply Depot  
  149  10:12  SCV x3  
  152  10:18  Marine x6  
  152  10:19  Marauder x2  
  162  10:22  Marine x5  
  162  10:24  Siege Tank  
  162  10:26  Viking  
  162  10:27  Viking  
  162  10:28  Medivac  
  176  10:32  Siege Tank  
  179  10:36  Marine x6  
  179  10:39  Marine x2  
  179  10:40  Marine, Marauder  
  190  10:49  Supply Depot  
  190  10:51  Supply Depot  
  197  11:17  Siege Tank  
  197  11:19  Marauder x2  
  197  11:24  Orbital Command  
Show
View Real Time Build Order
Export as new Build Order

A.I. 1 (Very Easy) Terran 

Build Orders: Reaper Expand 

Get SALT Encoding   

  12  0:00  SCV  
  13  0:13  SCV  
  14  0:18  Supply Depot  
  14  0:43  Barracks  
  14  1:02  Command Center  
  14  1:30  Supply Depot, Orbital Command  
  14  1:31  Marine  
  15  1:36  Refinery  
  15  1:47  Refinery  
  15  1:55  SCV  
  16  2:07  SCV  
  17  2:14  SCV  
  19  2:15  Reaper  
  19  2:22  SCV  
  20  2:29  SCV  
  21  2:36  SCV  
  22  2:42  Refinery  
  22  2:43  SCV  
  23  2:50  SCV  
  24  2:57  SCV  
  25  3:03  Marine  
  25  3:05  SCV  
  28  3:12  SCV  
  28  3:14  Factory  
  28  3:39  SCV  
  29  3:46  SCV  
  30  3:50  Refinery  
  30  3:51  Marine, Supply Depot  
  30  3:54  SCV  
  32  4:01  SCV  
  33  4:04  Starport  
  33  4:08  SCV  
  34  4:10  Barracks Tech Lab  
  34  4:15  SCV  
  35  4:22  SCV  
  36  4:29  SCV  
  37  4:34  Supply Depot  
  37  4:37  SCV  
  38  4:39  Marauder  
  38  4:42  Starport Tech Lab  
  38  4:44  SCV  
  41  4:51  SCV  
  42  4:58  SCV  
  43  5:00  Raven  
  43  5:06  SCV  
  46  5:13  SCV  
  47  5:20  SCV  
  48  5:27  Marine  
  49  5:34  Raven  
  51  5:39  SCV  
  48  5:47  SCV  
  43  5:54  SCV  
  38  6:01  SCV  
  33  6:08  SCV  
  28  6:14  Marine  
  28  6:15  SCV  
  24  6:22  SCV  
  22  6:30  SCV  
  23  6:37  SCV  
  23  6:44  SCV  
  24  6:51  SCV  
  24  6:58  SCV  
  25  7:02  Marine  
  25  7:06  SCV  
  27  7:13  SCV  
  28  7:20  SCV  
  29  7:27  SCV  
  30  7:34  SCV  
  29  7:42  SCV  
  29  7:43  Raven  
  29  7:49  SCV  
  29  7:50  Marine  
  29  7:56  SCV  
  29  8:03  SCV  
  30  8:10  SCV  
  31  8:17  Raven  
  31  8:18  SCV  
  34  8:25  SCV  
  32  8:32  SCV  
  33  8:38  Marine  
  33  8:39  SCV  
  35  8:46  SCV  
  35  8:52  Raven  
  35  8:54  SCV  
  36  9:01  SCV  
  32  9:07  Hellion  
  23  9:14  Supply Depot  
  23  9:16  SCV  
  23  9:28  SCV  
  24  9:36  Hellion  
  24  9:40  SCV  
  22  9:46  Raven  
  22  9:52  SCV  
  17  10:05  Hellion  
Tags
 
Add a new tag
Caveats
  • Supply blocks, unpowered buildings, or Contaminate may cause inaccurate times.
  • Supply counts are checked every 10 seconds.